[Event "Titled Tuesday Blitz January 31 Late 2023"]
[White "Defend, Balint"]
[Black "Sanchez, Robert"]
[WhiteFideId "17004853"]
[BlackFideId "2034360"]
[WhiteElo "1673"]
[BlackElo "1966"]
[Result "1-0"]
[Round "08"]
[TimeControl "180+2"]
[Date "2023.01.31"]
[WhiteClock "0:01:18"]
[BlackClock "0:00:47"]

1. e4 e6 2. d4 d5 3. Nc3 Nf6 4. e5 Nfd7 5. f4 c5 6. Nf3 Nc6 7. Ne2 cxd4 8. Nexd4 Be7 9. c3 Nc5 10. Be2 f6 11. exf6 Bxf6 12. O-O O-O 13. Be3 Ne4 14. Bd3 Nd6 15. Nxc6 bxc6 16. Ne5 Bd7 17. Qh5 Nf5 18. Bc5 g6 19. Nxg6 hxg6 20. Qxg6+ Bg7 21. Bxf8 Qxf8 22. g4 Qc5+ 23. Kh1 Qe3 24. Rad1 Be8 25. Qg5 Nd6 26. Qh4 Ne4 27. Qe1 Qh3 28. Bxe4 dxe4 29. Qxe4 Rd8 30. Qxe6+ Kh8 31. Qe2 Rxd1 32. Qxe8+ Kh7 33. Qe4+ 1-0


[Site "https://www.chess.com"]

[Event "Titled Tuesday Blitz January 31 Late 2023"]
[White "Melikhov, Evgeny V."]
[Black "Ehlvest, Jaan"]
[WhiteFideId "4122046"]
[BlackFideId "4500016"]
[WhiteElo "2269"]
[BlackElo "2530"]
[Result "1/2-1/2"]
[Round "08"]
[TimeControl "180+2"]
[Date "2023.01.31"]
[WhiteClock "0:00:23"]
[BlackClock "0:00:13"]

1. d4 Nf6 2. c4 c5 3. d5 e6 4. Nc3 exd5 5. cxd5 d6 6. Nf3 g6 7. h3 Bg7 8. e4 O-O 9. Be3 Re8 10. Bd3 Nxe4 11. Nxe4 f5 12. Neg5 f4 13. O-O fxe3 14. Ne6 Bxe6 15. dxe6 d5 16. fxe3 Rxe6 17. e4 c4 18. exd5 Rd6 19. Bxc4 Nd7 20. Qe2 Rc8 21. Rae1 a6 22. b3 b5 23. Bd3 Nc5 24. Bc2 b4 25. Bd3 Nxd3 26. Qxd3 Qb6+ 27. Kh1 Rcd8 28. Ng5 Rxd5 29. Qc4 Qb5 30. Ne6 Re8 31. Qxb5 axb5 32. Nxg7 Rxe1 33. Rxe1 Kxg7 34. Re4 Rd2 35. Rxb4 Rxa2 36. Rxb5 h5 37. h4 Kf6 38. Kh2 Rc2 39. Kg3 Rb2 40. Kf3 Rc2 41. g3 Rc1 42. Kf4 Rf1+ 43. Ke3 Rg1 44. Kf3 Rf1+ 45. Ke3 Rg1 46. Kf3 Rf1+ 47. Ke3 1/2-1/2


[Site "https://www.chess.com"]

[Event "Titled Tuesday Blitz January 31 Late 2023"]
[White "Tanenbaum, Zachary"]
[Black "Estrada Nieto, Julian"]
[WhiteFideId "2060850"]
[BlackFideId "5101018"]
[WhiteElo "2261"]
[BlackElo "2215"]
[Result "1-0"]
[Round "08"]
[TimeControl "180+2"]
[Date "2023.01.31"]
[WhiteClock "0:00:12"]
[BlackClock "0:00:03"]

1. e4 e5 2. Nf3 Nc6 3. Bc4 Bc5 4. c3 Nf6 5. d4 exd4 6. b4 Bb6 7. e5 d5 8. exf6 dxc4 9. Qe2+ Be6 10. b5 d3 11. Qe4 Qxf6 12. bxc6 O-O 13. cxb7 Rae8 14. O-O Bf5 15. Qxc4 Re4 16. Qxd3 Rb4 17. Qd1 Rxb1 18. Rxb1 Bxb1 19. Bg5 Qc6 20. Qxb1 Qxb7 21. Be3 Rd8 22. Rd1 Re8 23. Ng5 g6 24. Qb3 c5 25. Bxc5 Qc7 26. Bxb6 axb6 27. g3 h6 28. Nf3 Re2 29. Re1 Rxe1+ 30. Nxe1 Qe5 31. Nf3 Qe4 32. c4 h5 33. h4 Kg7 34. Qc3+ f6 35. a4 Qb1+ 36. Kg2 Qe4 37. Qd4 Qc6 38. Qe3 Kf7 39. Qb3 Kg7 40. Qb5 Qe4 41. Qxb6 Qxc4 42. a5 Qe4 43. a6 g5 44. Qb7+ Kg6 45. Qxe4+ 1-0


[Site "https://www.chess.com"]

[Event "Titled Tuesday Blitz January 31 Late 2023"]
[White "Dzierzak, Radoslaw"]
[Black "Dourerassou, Jonathan"]
[WhiteFideId "1161407"]
[BlackFideId "628050"]
[WhiteElo "2220"]
[BlackElo "2414"]
[Result "0-1"]
[Round "08"]
[TimeControl "180+2"]
[Date "2023.01.31"]
[WhiteClock "0:00:01"]
[BlackClock "0:01:43"]

1. e4 c5 2. Nf3 e6 3. d4 cxd4 4. Nxd4 Nf6 5. Nc3 Nc6 6. g3 Bb4 7. Bg2 O-O 8. O-O d5 9. exd5 exd5 10. Nce2 Bg4 11. h3 Bh5 12. g4 Bg6 13. c3 Bc5 14. Be3 Bb6 15. Nf4 Be4 16. g5 Bxg2 17. Kxg2 Ne4 18. h4 Re8 19. Nf5 Bxe3 20. Nxe3 d4 21. cxd4 Nxd4 22. Qg4 Qb6 23. Ned5 Qxb2 24. Rab1 Qxa2 25. Rxb7 Nd6 26. Rd7 N4f5 27. Kg1 Qa4 28. Rd1 Qxd7 29. Nf6+ gxf6 30. gxf6+ Kh8 31. Rxd6 Rg8 32. Qxg8+ Rxg8+ 0-1


[Site "https://www.chess.com"]

[Event "Titled Tuesday Blitz January 31 Late 2023"]
[White "Martinez Ramirez, Lennis"]
[Black "Battlecruiser_Operational"]
[WhiteFideId "3509079"]
[WhiteElo "2426"]
[BlackElo "2419"]
[Result "1-0"]
[Round "08"]
[TimeControl "180+2"]
[Date "2023.01.31"]
[WhiteClock "0:00:15"]
[BlackClock "0:00:02"]

1. d4 e6 2. c4 f5 3. Nf3 Nf6 4. Nc3 Bb4 5. Qb3 Qe7 6. a3 Bxc3+ 7. Qxc3 Ne4 8. Qc2 d6 9. g3 Nd7 10. Bg2 O-O 11. O-O b6 12. Nd2 Nxd2 13. Bxd2 Rb8 14. e4 Bb7 15. Rae1 Qf6 16. Bc3 f4 17. gxf4 Qxf4 18. Bd2 Qf6 19. Be3 e5 20. d5 Qg6 21. Kh1 Nf6 22. f3 Bc8 23. Rg1 Qh5 24. Ref1 Bd7 25. Rf2 Rf7 26. b4 Rbf8 27. c5 Bh3 28. Bxh3 Qxh3 29. Rg3 Qh4 30. Bg5 Qh5 31. Bxf6 Rxf6 32. cxd6 cxd6 33. Qc7 Qf7 34. Qxf7+ R8xf7 35. Kg2 Rc7 36. Ra2 Rc4 37. b5 g6 38. a4 Rc5 39. Kh3 Rf7 40. Kg4 Kg7 41. Rgg2 Rf4+ 42. Kg3 Rc3 43. Rgf2 Rxe4 44. a5 Rb4 45. axb6 axb6 46. Ra7+ Kh6 47. Rd7 Rxb5 48. Rxd6 Rd3 49. Re2 Rdxd5 50. Re6 Kg5 51. Re7 h5 52. h4+ Kf6 53. Rc7 Rb3 54. Rc6+ Kf5 55. Rc8 Rdd3 56. Rf8+ Ke6 57. Re8+ Kf7 58. R8xe5 Rxf3+ 59. Kg2 Rg3+ 60. Kf2 Rbf3+ 61. Ke1 Rf5 62. Re7+ Kf8 63. Re8+ Kg7 64. R2e7+ Rf7 65. Re6 b5 66. Rb6 Rb3 67. Ree6 Rg3 68. Rxb5 Rf6 69. Rb7+ Rf7 70. Rbb6 Kh7 71. Ke2 Rg4 72. Ke3 Rxh4 73. Rxg6 Rh3+ 74. Ke4 Rh4+ 75. Ke5 Rh3 76. Rh6+ Kg7 77. Rbg6+ Kf8 78. Ra6 Re3+ 79. Kd4 Rh3 80. Rag6 Ke7 81. Rh8 Rh4+ 82. Ke5 Rg4 83. Re6+ Kd7 84. Ra6 Rg5+ 85. Ke4 Rc5 86. Ra7+ 1-0


[Site "https://www.chess.com"]

[Event "Titled Tuesday Blitz January 31 Late 2023"]
[White "Sanchez, Sebastian Felipe"]
[Black "Bon, Michael"]
[WhiteFideId "4403304"]
[BlackFideId "620696"]
[WhiteElo "2427"]
[BlackElo "2394"]
[Result "1-0"]
[Round "08"]
[TimeControl "180+2"]
[Date "2023.01.31"]
[WhiteClock "0:00:29"]
[BlackClock "0:01:08"]

1. d4 d5 2. c4 e6 3. Nf3 Nf6 4. g3 dxc4 5. Bg2 Bb4+ 6. Nbd2 Nc6 7. O-O O-O 8. Nxc4 a5 9. Nce5 Nxe5 10. Nxe5 Ra6 11. e4 Rd6 12. Be3 Bc5 13. Nf3 e5 14. Nxe5 Bxd4 15. Nc4 Rd7 16. Qa4 Bxe3 17. Nxe3 b6 18. Rfd1 Qe8 19. Qc2 Bb7 20. Rxd7 Qxd7 21. Rd1 Qe7 22. e5 1-0


[Site "https://www.chess.com"]

[Event "Titled Tuesday Blitz January 31 Late 2023"]
[White "Blit, Jacques"]
[Black "Fernandez, Maria Florencia"]
[WhiteFideId "114839"]
[BlackFideId "116459"]
[WhiteElo "2309"]
[BlackElo "2129"]
[Result "1-0"]
[Round "08"]
[TimeControl "180+2"]
[Date "2023.01.31"]
[WhiteClock "0:00:07"]
[BlackClock "0:00:01"]

1. e4 c5 2. Nf3 d6 3. d4 cxd4 4. Nxd4 Nf6 5. f3 g6 6. c4 Bg7 7. Nc3 O-O 8. Be2 Nc6 9. Be3 Bd7 10. Nc2 Be6 11. O-O Rc8 12. Qd2 a6 13. Rac1 Nd7 14. Na3 Nce5 15. b3 Qa5 16. Nab1 Nc6 17. f4 Nf6 18. h3 b5 19. f5 Bd7 20. cxb5 axb5 21. Bxb5 Nxe4 22. Nxe4 Qxb5 23. f6 Bxf6 24. Rxf6 exf6 25. Nxf6+ Kh8 26. Nxd7 Rfe8 27. Rxc6 Qxc6 28. Bd4+ Re5 29. Nxe5 dxe5 30. Bxe5+ Kg8 31. Nc3 Qe6 32. Qf4 Re8 33. Bd4 Qe1+ 34. Kh2 Qe6 35. b4 f5 36. b5 Qc4 37. b6 Rd8 38. b7 Rxd4 39. b8=Q+ Kg7 40. Qbc7+ Qxc7 41. Qxc7+ Kh6 42. a4 g5 43. Qb6+ Kh5 44. Qxd4 f4 45. Qg7 h6 46. Qf7+ Kh4 47. Ne2 h5 48. Nxf4 g4 49. Qf6# 1-0


[Site "https://www.chess.com"]

[Event "Titled Tuesday Blitz January 31 Late 2023"]
[White "Rosen, Eric"]
[Black "CheckBits"]
[WhiteFideId "2032562"]
[WhiteElo "2349"]
[BlackElo "2478"]
[Result "0-1"]
[Round "08"]
[TimeControl "180+2"]
[Date "2023.01.31"]
[WhiteClock "0:00:08"]
[BlackClock "0:00:15"]

1. d4 d5 2. Bf4 Nf6 3. e3 c5 4. Nf3 Nc6 5. Nbd2 cxd4 6. exd4 Bg4 7. c3 e6 8. Be2 Bd6 9. Bxd6 Qxd6 10. O-O O-O 11. h3 Bh5 12. Re1 Rab8 13. a4 a6 14. a5 Rfc8 15. Ne5 Nxe5 16. dxe5 Qxe5 17. g4 Bg6 18. Bxa6 Qf4 19. Bf1 h5 20. Ra4 Qc7 21. Qf3 Ra8 22. Rea1 hxg4 23. hxg4 Nd7 24. g5 Bc2 25. Rh4 Ne5 26. Qg3 Ng6 27. Qxc7 Rxc7 28. Rb4 Rc5 29. Rxb7 Rcxa5 30. Rxa5 Rxa5 31. Rb8+ Kh7 32. Rb7 d4 33. Nf3 Ra1 34. Kg2 Be4 35. Be2 Bxb7 36. cxd4 Nh4+ 37. Kg3 Nxf3 38. Bd3+ g6 39. Kf4 Nxd4 40. Ke5 Nc6+ 41. Kf6 Kg8 42. f4 Ra4 43. f5 exf5 44. b4 Rxb4 45. Bc2 Nd4 46. Be4 Rb6+ 47. Ke5 Re6+ 48. Kf4 Rxe4+ 49. Kg3 Rg4+ 50. Kh3 Rxg5 51. Kh4 Rg4+ 52. Kh3 f6 53. Kh2 Nf3+ 54. Kh3 Ng5+ 55. Kh2 Rg2+ 56. Kh1 Rg4+ 57. Kh2 Rg2+ 58. Kh1 Rb2+ 59. Kg1 Nh3+ 60. Kf1 Rg2 61. Ke1 f4 62. Kf1 f5 63. Ke1 g5 64. Kf1 g4 65. Ke1 f3 66. Kf1 f4 67. Ke1 Ba6 68. Kd1 Re2 69. Kc1 f2 70. Kd1 f1=Q# 0-1


[Site "https://www.chess.com"]

[Event "Titled Tuesday Blitz January 31 Late 2023"]
[White "Goroshkov, Maksym"]
[Black "OKEKE, Isaac Chukwudalu"]
[WhiteFideId "14142716"]
[BlackFideId "8508526"]
[WhiteElo "2287"]
[BlackElo "2155"]
[Result "1-0"]
[Round "08"]
[TimeControl "180+2"]
[Date "2023.01.31"]
[WhiteClock "0:00:45"]
[BlackClock "0:00:01"]

1. e4 c5 2. d4 cxd4 3. c3 dxc3 4. Nxc3 Nc6 5. Nf3 d6 6. Bb5 Bd7 7. O-O Nf6 8. Qe2 a6 9. Ba4 e6 10. Rd1 b5 11. Bb3 Be7 12. Bf4 Qb8 13. Qd2 b4 14. Nd5 exd5 15. exd5 Ne5 16. Bxe5 dxe5 17. d6 Bd8 18. Bxf7+ Kxf7 19. Nxe5+ Kf8 20. Qf4 Qb7 21. Qc4 Bb5 22. Qxb4 Qe4 23. Qc3 Nd5 24. Qc5 Nf4 25. Nf3 Bc6 26. d7+ Kg8 27. Re1 Ne2+ 28. Rxe2 Qxe2 29. Re1 Bxf3 30. Rxe2 Bxe2 31. Qd5+ Kf8 32. Qxa8 Kf7 33. Qd5+ Kg6 34. Qe4+ Kf6 35. Qxe2 Rf8 36. Qe8 Be7 37. d8=Q 1-0


[Site "https://www.chess.com"]

[Event "Titled Tuesday Blitz January 31 Late 2023"]
[White "Kavutskiy, Konstantin"]
[Black "Dzida, Kamil"]
[WhiteFideId "2026384"]
[BlackFideId "21828652"]
[WhiteElo "2414"]
[BlackElo "2352"]
[Result "1-0"]
[Round "08"]
[TimeControl "180+2"]
[Date "2023.01.31"]
[WhiteClock "0:02:08"]
[BlackClock "0:02:15"]

1. d4 Nf6 2. Bg5 d5 3. Nd2 Nbd7 4. e3 h6 5. Bh4 c5 6. c3 b6 7. Bd3 Bb7 8. f4 Ne4 9. Nxe4 dxe4 10. Bb5 a6 11. Ba4 b5 12. Bc2 Qc7 13. Qg4 cxd4 14. exd4 Nf6 15. Bxf6 exf6 16. Ne2 g6 17. O-O f5 18. Qg3 Bg7 19. Bb3 O-O 20. Qxg6 Qd7 21. Ng3 1-0


[Site "https://www.chess.com"]

[Event "Titled Tuesday Blitz January 31 Late 2023"]
[White "Denishev, Marat"]
[Black "Llanos, Guillermo"]
[WhiteFideId "24131563"]
[BlackFideId "100358"]
[WhiteElo "2255"]
[BlackElo "2290"]
[Result "0-1"]
[Round "08"]
[TimeControl "180+2"]
[Date "2023.01.31"]
[WhiteClock "0:02:27"]
[BlackClock "0:02:00"]

1. e4 Nf6 2. e5 Nd5 3. d4 d6 4. Nf3 Nb6 5. c4 g6 6. Nc3 Bg7 7. Bf4 O-O 8. Be2 Nc6 9. exd6 cxd6 10. O-O Bg4 11. d5 Bxf3 12. Bxf3 Na5 13. Rc1 Naxc4 14. b3 Ne5 15. Be2 a6 16. Be3 Rc8 17. f4 Ned7 18. Bf3 Rxc3 19. Rxc3 Bxc3 20. Qd3 Bb4 21. Rc1 Bc5 22. h4 Bxe3+ 23. Qxe3 Nf6 24. h5 Nbxd5 25. Bxd5 Nxd5 26. Qe4 Nf6 27. Qxb7 Nxh5 28. Qxa6 Nxf4 29. Rf1 Ne6 30. Qc4 Qc7 31. Qe4 Qa7+ 0-1


[Site "https://www.chess.com"]

[Event "Titled Tuesday Blitz January 31 Late 2023"]
[White "Kujawski, Adam"]
[Black "Reprintsev, Alexander"]
[WhiteFideId "1100920"]
[BlackFideId "14100541"]
[WhiteElo "2173"]
[BlackElo "2253"]
[Result "0-1"]
[Round "08"]
[TimeControl "180+2"]
[Date "2023.01.31"]
[WhiteClock "0:00:01"]
[BlackClock "0:01:56"]

1. e4 d5 2. exd5 Qxd5 3. Nc3 Qa5 4. d4 Nf6 5. Nf3 Nc6 6. Bd2 Bg4 7. Nb5 Qb6 8. c4 Bxf3 9. Qxf3 Nxd4 10. Nxd4 Qxd4 11. Qxb7 Qe4+ 12. Qxe4 Nxe4 13. Be3 e6 14. O-O-O Bc5 15. Bxc5 Nxc5 16. Bd3 a5 17. Rhe1 Ke7 18. Bc2 Rhd8 19. Rxd8 Rxd8 20. Rd1 Rxd1+ 21. Kxd1 Na6 22. Kd2 c5 23. Be4 f5 24. Bb7 Nb8 25. f4 Kd6 26. a3 h6 27. Kc3 g5 28. g3 gxf4 29. gxf4 Nd7 30. Bc8 Nf6 31. b4 axb4+ 32. axb4 cxb4+ 33. Kxb4 Nh5 34. c5+ Ke7 35. Kb5 Nxf4 36. Bb7 e5 0-1


[Site "https://www.chess.com"]

[Event "Titled Tuesday Blitz January 31 Late 2023"]
[White "Kostiukov, Alexandr"]
[Black "Womacka, Mathias"]
[WhiteFideId "14108100"]
[BlackFideId "4611390"]
[WhiteElo "2271"]
[BlackElo "2396"]
[Result "1-0"]
[Round "08"]
[TimeControl "180+2"]
[Date "2023.01.31"]
[WhiteClock "0:00:09"]
[BlackClock "0:00:32"]

1. g3 c5 2. Bg2 Nc6 3. c4 g6 4. Nf3 Bg7 5. O-O e5 6. Nc3 Nge7 7. d3 d6 8. Bd2 O-O 9. a3 h6 10. Rb1 a5 11. Ne1 Be6 12. Nc2 d5 13. cxd5 Nxd5 14. Ne3 Nde7 15. Nb5 b6 16. Nc4 Rb8 17. Bc3 Qd7 18. a4 Nd5 19. Bd2 Ndb4 20. b3 Kh7 21. Bc3 Nd4 22. Nxd4 exd4 23. Bxb4 axb4 24. Qd2 Rfe8 25. Qf4 Bxc4 26. dxc4 Rbd8 27. Be4 Qd6 28. Qxd6 Rxd6 29. Bd3 h5 30. f4 Re3 31. Kg2 Bh6 32. Rf3 Re7 33. Ra1 Ra7 34. f5 Kg7 35. Raf1 Be3 36. h3 g5 37. f6+ Kh6 38. Rf5 Ra8 39. h4 gxh4 40. Rh1 Rg8 41. Rxh4 Rg5 42. Rf3 Re6 43. Kh3 Bd2 44. g4 Rxg4 45. Rxg4 hxg4+ 46. Kxg4 Re5 47. Rh3+ 1-0


[Site "https://www.chess.com"]

[Event "Titled Tuesday Blitz January 31 Late 2023"]
[White "Toncheva, Nadya"]
[Black "Fernandez Siles, Luis"]
[WhiteFideId "2924056"]
[BlackFideId "2209420"]
[WhiteElo "2295"]
[BlackElo "2218"]
[Result "0-1"]
[Round "08"]
[TimeControl "180+2"]
[Date "2023.01.31"]
[WhiteClock "0:00:04"]
[BlackClock "0:01:00"]

1. d4 Nf6 2. c4 g6 3. Nc3 Bg7 4. e4 d6 5. Be2 O-O 6. Bg5 c6 7. Qd2 a6 8. h4 b5 9. a3 bxc4 10. Bxc4 d5 11. exd5 Nxd5 12. Nxd5 cxd5 13. Be2 Qb6 14. Nf3 Bg4 15. Bxe7 Re8 16. Bc5 Qb5 17. a4 Qc4 18. Kf1 Qb3 19. Ra3 Qb7 20. g3 Nd7 21. Bd6 Nf6 22. Bf4 Ne4 23. Qc2 Rac8 24. Rb3 Rxc2 25. Rxb7 Rxe2 26. Kxe2 Nd6+ 27. Kd2 Nxb7 28. Ne5 Bf5 29. Rc1 Nd6 30. Rc7 Nc4+ 31. Nxc4 dxc4 32. Rxc4 Rd8 33. Kc3 Be6 34. Rb4 a5 35. Rb8 Bxd4+ 36. Kc2 Rxb8 37. Bxb8 Bxf2 38. Bd6 Bb6 39. Kc3 Bd7 40. b4 Bxa4 41. bxa5 Bxa5+ 42. Kd4 Kg7 43. Ke4 f6 44. Kf4 Bd7 45. g4 Bd2+ 46. Kf3 Kf7 47. Bc7 Ke6 48. Bb6 Kd5 49. Ba7 Bc3 50. Bb6 Bb5 51. Kg3 Be5+ 52. Kf3 Bd3 53. Ba7 Be4+ 54. Kf2 Bf4 55. Bb6 Be5 56. Bd8 Ke6 57. Ba5 Bd4+ 58. Kg3 f5 59. gxf5+ gxf5 60. Bc7 Be5+ 61. Bxe5 Kxe5 62. h5 f4+ 63. Kg4 f3 64. Kg3 Kf5 65. h6 Kg5 66. Kf2 Kf4 67. Kg1 Ke3 68. Kf1 Bd3+ 69. Kg1 f2+ 70. Kh2 f1=Q 71. Kg3 Qf4+ 72. Kg2 Be4+ 73. Kh3 Bf5+ 74. Kg2 Qg4+ 75. Kf1 Bd3+ 76. Ke1 Qe2# 0-1


[Site "https://www.chess.com"]

[Event "Titled Tuesday Blitz January 31 Late 2023"]
[White "EdmundPlayer"]
[Black "Graif, William"]
[BlackFideId "2609835"]
[WhiteElo "2313"]
[BlackElo "2304"]
[Result "0-1"]
[Round "08"]
[TimeControl "180+2"]
[Date "2023.01.31"]
[WhiteClock "0:00:01"]
[BlackClock "0:00:12"]

1. e4 e5 2. Nf3 Bc5 3. Bc4 Nf6 4. d3 Nc6 5. c3 d6 6. a4 a6 7. Na3 h6 8. Nc2 O-O 9. b4 Ba7 10. Be3 d5 11. exd5 Nxd5 12. Bxa7 Rxa7 13. Qd2 Nb6 14. Ne3 Bf5 15. Nxf5 e4 16. N3d4 Ne5 17. O-O a5 18. Ne3 axb4 19. Nb5 Ra8 20. Rfd1 Qg5 21. Kh1 Rad8 22. Qe2 exd3 23. Bxd3 b3 24. Rab1 Nxa4 25. Be4 c6 26. Ra1 cxb5 27. Qxb5 Rxd1+ 28. Rxd1 Nxc3 29. Qxb3 Nxd1 30. Qxd1 Rd8 31. Qe2 Qf4 32. Bxb7 Qb4 33. Bd5 Qb1+ 34. Nf1 Rxd5 35. g4 Qd3 36. Kg2 Qxe2 37. h4 Qf3+ 38. Kh2 Nxg4+ 39. Kg1 Qxf2+ 0-1


[Site "https://www.chess.com"]

[Event "Titled Tuesday Blitz January 31 Late 2023"]
[White "Yedidia, Daniel"]
[Black "Alfaro, William"]
[WhiteFideId "30905907"]
[BlackFideId "6100457"]
[WhiteElo "2041"]
[BlackElo "2134"]
[Result "0-1"]
[Round "08"]
[TimeControl "180+2"]
[Date "2023.01.31"]
[WhiteClock "0:00:02"]
[BlackClock "0:00:34"]

1. d4 Nf6 2. c4 g6 3. Nc3 Bg7 4. e4 d6 5. Nf3 O-O 6. Be2 e5 7. Be3 Ng4 8. Bg5 f6 9. Bh4 Nc6 10. h3 Nh6 11. dxe5 dxe5 12. Qd5+ Nf7 13. O-O-O Qe7 14. Kb1 Be6 15. Qb5 a6 16. Qa4 Rfb8 17. Nd5 Bxd5 18. cxd5 b5 19. Qb3 Na5 20. Qc2 Nd6 21. Nd2 Bh6 22. Nb3 Nac4 23. Nc5 a5 24. Ne6 c6 25. f3 cxd5 26. exd5 Rc8 27. Qd3 a4 28. Bf2 a3 29. b3 Nb2 30. Qc2 Rxc2 31. Kxc2 Rc8+ 32. Kb1 Qd7 33. Nc5 Qc7 34. Rde1 Qb6 35. Ne4 Qc7 36. Nxf6+ Kf7 37. Bh4 Qc2+ 38. Ka1 Nf5 39. Ng4 Bd2 40. Nxe5+ Kg7 0-1


[Site "https://www.chess.com"]

[Event "Titled Tuesday Blitz January 31 Late 2023"]
[White "Ruiz Aguilar, Pablo Alexander"]
[Black "Marczuk, Dominik"]
[WhiteFideId "4401352"]
[BlackFideId "1111264"]
[WhiteElo "2161"]
[BlackElo "2253"]
[Result "0-1"]
[Round "08"]
[TimeControl "180+2"]
[Date "2023.01.31"]
[WhiteClock "0:00:21"]
[BlackClock "0:00:46"]

1. e4 c5 2. Nf3 Nc6 3. d4 cxd4 4. Nxd4 g6 5. Nc3 Bg7 6. Be3 Nf6 7. Bc4 O-O 8. Bb3 Re8 9. Nxc6 bxc6 10. O-O a5 11. a4 Bb7 12. h3 d5 13. e5 Ne4 14. Nxe4 dxe4 15. Qg4 Bxe5 16. Rad1 Qc8 17. Qxe4 Bxb2 18. Qc4 e6 19. Qh4 c5 20. Bc4 Qc6 21. f3 Qxa4 22. Rb1 Qa3 23. Bg5 Bd4+ 24. Kh1 Bc6 25. Rb6 Bd5 26. Bxd5 exd5 27. Bf6 Bxf6 28. Qxf6 Qe3 29. Rb7 Qe6 30. Qc3 c4 31. Rfb1 a4 32. R7b6 Qe5 33. Qxe5 Rxe5 34. Ra1 a3 35. Ra2 d4 36. Rc6 d3 37. cxd3 cxd3 38. Rd6 Re2 0-1


[Site "https://www.chess.com"]

[Event "Titled Tuesday Blitz January 31 Late 2023"]
[White "Garrido, Denis"]
[Black "Novikov, Evgenij"]
[WhiteFideId "601217"]
[BlackFideId "4125380"]
[WhiteElo "2205"]
[BlackElo "2276"]
[Result "0-1"]
[Round "08"]
[TimeControl "180+2"]
[Date "2023.01.31"]
[WhiteClock "0:01:35"]
[BlackClock "0:01:24"]

1. e4 c5 2. Nf3 e6 3. d4 cxd4 4. Nxd4 Nc6 5. Nc3 a6 6. Nxc6 bxc6 7. Qd3 d5 8. Qg3 Ne7 9. Bd3 Ng6 10. h4 Bd6 11. Qf3 Ne5 12. Qe2 Nxd3+ 13. Qxd3 a5 14. Bg5 Qb6 15. exd5 cxd5 16. O-O-O Ba6 17. Qf3 Rb8 18. b3 O-O 19. h5 h6 20. Be3 Qc7 21. Bd4 Rfc8 22. Rd2 Bf4 23. Be3 Qxc3 0-1


[Site "https://www.chess.com"]

[Event "Titled Tuesday Blitz January 31 Late 2023"]
[White "Senthilkumar, Pranav"]
[Black "Szente Varga, Fruzsina"]
[WhiteFideId "2083477"]
[BlackFideId "712264"]
[WhiteElo "1854"]
[BlackElo "2075"]
[Result "0-1"]
[Round "08"]
[TimeControl "180+2"]
[Date "2023.01.31"]
[WhiteClock "0:00:41"]
[BlackClock "0:00:19"]

1. d4 Nf6 2. Nf3 g6 3. Bg5 Bg7 4. Nbd2 O-O 5. c3 d5 6. e3 Bg4 7. Be2 Nbd7 8. h3 Bf5 9. b4 a5 10. O-O axb4 11. cxb4 c6 12. Bf4 Ne4 13. Nxe4 Bxe4 14. Qb3 Re8 15. Bg3 e5 16. Nxe5 Nxe5 17. dxe5 Bxe5 18. Bxe5 Rxe5 19. a4 Rg5 20. f3 Bf5 21. f4 Rg3 22. Kh2 Qh4 23. Kg1 Qxh3 24. Bf3 Bg4 25. Ra2 Qh5 26. Bxg4 Qxg4 27. Raf2 Re8 28. Re1 h5 29. f5 h4 30. fxg6 Qxg6 31. Qc2 Qxc2 32. Rxc2 Re4 33. Rb1 h3 34. Kh2 Rxg2+ 35. Rxg2+ hxg2 36. Kxg2 Rxe3 37. b5 Ra3 38. Rb4 Kf8 39. Kf2 Ke7 40. bxc6 bxc6 41. Rb7+ Ke6 42. Ra7 f5 43. Ke2 f4 44. a5 Kd6 45. Ra8 Kc5 46. Kd2 Kd4 47. Kc2 f3 48. Rf8 c5 49. Kb2 Rxa5 50. Rxf3 Ke4 51. Rh3 c4 52. Kc2 Ra2+ 53. Kc1 Kd4 54. Rh4+ Kc5 55. Rh5 Rg2 56. Rf5 c3 57. Rf8 Kc4 58. Rd8 d4 59. Kd1 Kd3 60. Ke1 c2 61. Rc8 Rg1+ 62. Kf2 c1=Q 63. Rxc1 Rxc1 64. Kf3 Re1 0-1


[Site "https://www.chess.com"]

[Event "Titled Tuesday Blitz January 31 Late 2023"]
[White "Matko, Ognjen"]
[Black "Bulgurlu, Okan"]
[WhiteFideId "14509717"]
[BlackFideId "6352316"]
[WhiteElo "2295"]
[BlackElo "1908"]
[Result "0-1"]
[Round "08"]
[TimeControl "180+2"]
[Date "2023.01.31"]
[WhiteClock "0:00:10"]
[BlackClock "0:00:55"]

1. Nf3 c5 2. c4 Nc6 3. g3 Nf6 4. Bg2 g6 5. O-O Bg7 6. Nc3 d6 7. d4 cxd4 8. Nxd4 Bd7 9. Rb1 O-O 10. b4 Ne4 11. Nxe4 Nxd4 12. Bb2 Ne6 13. Bxg7 Nxg7 14. Qd2 Rc8 15. Rfc1 Bc6 16. b5 Bxe4 17. Bxe4 Qb6 18. a4 Ne6 19. a5 Qd4 20. Qxd4 Nxd4 21. Kf1 b6 22. e3 Ne6 23. axb6 axb6 24. Bc6 Nc5 25. Ke2 Rc7 26. Rc3 Ra7 27. Rc2 Kg7 28. h4 h5 29. Rd1 Rc8 30. Kf3 Ra4 31. Kg2 Nb3 32. Bd5 Na5 33. Rd4 e6 34. Be4 Rcxc4 35. Rcd2 Rxd4 36. exd4 d5 37. Bf3 Nb3 38. Bd1 Rxd4 39. Rxd4 Nxd4 40. Ba4 Kf6 41. f4 e5 42. Kf2 exf4 43. gxf4 Kf5 44. Ke3 Ne6 45. Bc2+ Kf6 46. Kf3 Nd4+ 0-1


[Site "https://www.chess.com"]

[Event "Titled Tuesday Blitz January 31 Late 2023"]
[White "Osmonbekov, Talaibek"]
[Black "Papayan, Oleg"]
[WhiteFideId "2017253"]
[BlackFideId "4193911"]
[WhiteElo "2137"]
[BlackElo "2253"]
[Result "0-1"]
[Round "08"]
[TimeControl "180+2"]
[Date "2023.01.31"]
[WhiteClock "0:00:03"]
[BlackClock "0:00:13"]

1. d4 Nf6 2. Bf4 d5 3. Nc3 c5 4. e3 a6 5. Nf3 cxd4 6. exd4 Nc6 7. Ne5 Bd7 8. Be2 Qb6 9. Nxd7 Nxd7 10. Nxd5 Qa5+ 11. Nc3 Qb4 12. O-O Qxd4 13. Nd5 O-O-O 14. Bg4 e6 15. Qxd4 Nxd4 16. Rfd1 Nc6 17. Bc7 Re8 18. Nb6+ Kxc7 19. Rxd7+ Kxb6 20. Rxf7 Ne5 21. Rf4 g5 22. Ra4 Nxg4 23. Rxg4 h6 24. Rd1 Bc5 25. b4 Be7 26. Re4 Kc7 27. c3 Bf6 28. Rc4+ Kb8 29. Rd6 Rc8 30. Rxc8+ Rxc8 31. Rxe6 Rxc3 32. h3 Rc6 33. Re8+ Ka7 34. Rf8 Kb6 35. a4 Bc3 36. b5 axb5 37. axb5 Kxb5 38. g3 Kc4 39. Rb8 b5 40. h4 gxh4 41. gxh4 b4 42. Kf1 b3 43. Ke2 Re6+ 44. Kf3 b2 45. Rc8+ Kb3 46. Rb8+ Bb4 0-1


[Site "https://www.chess.com"]

[Event "Titled Tuesday Blitz January 31 Late 2023"]
[White "Kochetov, Andrey"]
[Black "Zampronha, Wladimir Camilo"]
[WhiteFideId "24130532"]
[BlackFideId "2103087"]
[WhiteElo "2165"]
[BlackElo "2176"]
[Result "1-0"]
[Round "08"]
[TimeControl "180+2"]
[Date "2023.01.31"]
[WhiteClock "0:01:36"]
[BlackClock "0:00:42"]

1. e4 c5 2. Nf3 e6 3. d4 cxd4 4. Nxd4 Nc6 5. Nc3 Qc7 6. f4 a6 7. Nxc6 bxc6 8. Bd3 d5 9. O-O Nf6 10. Qf3 Rb8 11. b3 Bc5+ 12. Be3 Bxe3+ 13. Qxe3 Ng4 14. Qc5 Qb6 15. Na4 Qxc5+ 16. Nxc5 a5 17. h3 Nf6 18. Rfe1 O-O 19. c4 Nh5 20. Rf1 Rd8 21. Rad1 Ng3 22. Rf3 dxe4 23. Rxg3 exd3 24. Rgxd3 Re8 25. Rd6 Rb6 26. Kf1 Kf8 27. Ke2 Ke7 28. Ke3 h6 29. g4 Ba6 30. Rd7+ Kf8 31. Ra7 Bc8 32. Rdd7 1-0


[Site "https://www.chess.com"]

[Event "Titled Tuesday Blitz January 31 Late 2023"]
[White "Torres Dominguez, David"]
[Black "Donskov, Anatoly"]
[WhiteFideId "2220857"]
[BlackFideId "24143413"]
[WhiteElo "1994"]
[BlackElo "2279"]
[Result "1-0"]
[Round "08"]
[TimeControl "180+2"]
[Date "2023.01.31"]
[WhiteClock "0:00:24"]
[BlackClock "0:00:03"]

1. e4 c5 2. Nc3 e6 3. f4 d5 4. Bb5+ Bd7 5. Bxd7+ Qxd7 6. d3 d4 7. Nb1 Nc6 8. Nf3 f5 9. O-O fxe4 10. dxe4 Nf6 11. Nbd2 Be7 12. a4 O-O 13. Re1 b6 14. Nc4 Qc7 15. Qe2 a6 16. Bd2 Nd7 17. e5 Rab8 18. Qe4 g6 19. h4 Kg7 20. g4 Rf7 21. Re2 Rbf8 22. Ng5 Bxg5 23. hxg5 Nb4 24. Nd6 Re7 25. Bxb4 cxb4 26. Rf1 Qc5 27. Kg2 Nb8 28. Rf3 Nc6 29. Rd3 Rd7 30. Kg3 b5 31. axb5 axb5 32. Rh2 Rxd6 33. exd6 Qxd6 34. Rd1 e5 35. f5 Kg8 36. Rdh1 Rf7 37. fxg6 Qxg6 38. Qxg6+ hxg6 39. Rh8+ Kg7 40. R1h7# 1-0


[Site "https://www.chess.com"]